 Dungeon Crawl Stone Soup version 0.30-a0-830-gfe289a77b0 (webtiles) character file.

Game seed: 7915313628933880383

69 Rocko1345 the Poker (level 4, 0/36 HPs)
             Began as a Meteoran Wanderer on Feb 28, 2023.
             Slain by Sigmund
             ... wielding a +0 scythe
              (9 damage)
             ... on level 3 of the Dungeon.
             The game lasted 00:08:51 (1359 turns).

Rocko1345 the Poker (Meteoran Wanderer)             Turns: 1359, Time: 00:08:52

Health: 0/36       AC: 11    Str: 14    XL:     4   Next: 70%
Magic:  7/7        EV:  4    Int: 16    God:
Gold:   130        SH:  7    Dex: 12    Spells: 4/5 levels left

rFire   . . .      SeeInvis .    j - +0 trident
rCold   . . .      Faith    +    e - +0 kite shield
rNeg    . . .      Spirit   .    q - +0 chain mail
rPois   .          Reflect  .    (no helmet)
rElec   .          Harm     .    b - +0 cloak
rCorr   .          Rampage  .    l - +0 pair of gloves
Will    .....                    i - +0 pair of boots Stlth
                                 m - amulet of faith
HPRegen 0.26/turn                (no ring)
MPRegen 0.10/turn                (no ring)

@: glowing
A: sense surroundings 1, otherworldly, glowing, explore regen
a: no special abilities


You were on level 3 of the Dungeon.
You visited 1 branch of the dungeon, and saw 3 of its levels.

You collected 130 gold pieces.

Inventory:

Hand Weapons
 a - a +2 spear
 j - a +0 trident (weapon)
Missiles
 f - 34 stones
Armour
 b - a +0 cloak (worn)
 d - a +0 robe
 e - a +0 kite shield (worn)
 g - a +0 ring mail
 i - a +0 pair of boots (worn)
 l - a +0 pair of gloves (worn)
 q - a +0 chain mail (worn)
Jewellery
 m - an amulet of faith (around neck)
Scrolls
 n - a scroll of teleportation {unknown}
 r - a scroll of noise {unknown}
 s - a scroll of enchant armour {unknown}
Potions
 c - a potion of berserk rage
 k - a potion of lignification
 o - a potion of cancellation {unknown}


   Skills:
 + Level 1.8 Fighting
 * Level 6.0 Polearms
 + Level 1.1 Armour
 + Level 2.8 Dodging
 * Level 0.6 Shields
 + Level 1.3 Spellcasting
 + Level 2.6 Poison Magic


You had 4 spell levels left.
You knew the following spells:

 Your Spells              Type           Power      Damage    Failure   Level
a - Sting                 Tmut/Pois      20%        1d4       100%        1

Your spell library contained the following spells:

 Spells                   Type           Power      Damage    Failure   Level
 Beastly Appendage        Tmut           2%         N/A       100%        1
 Wereblood                Tmut           1%         N/A       100%        2
 Ignite Poison            Fire/Tmut/Pois 3%         N/A       100%        3
 Spider Form              Tmut/Pois      5%         N/A       100%        3


Dungeon Overview and Level Annotations

Branches:
Dungeon (3/15) Zot: 420

Altars:

Annotations:
D:3 Sigmund


Innate Abilities, Weirdness & Mutations

You passively map a small area around you.
You are easily found by Zot.
You glow in the dark.
You regain HP and MP as you explore.


Message History

Sigmund is moderately wounded.
Reach: j) +0 trident
Press: ? - help, Dir - move target, f/p - Sigmund
Aim: Sigmund, wielding a +0 scythe and wearing a +0 robe (moderately wounded, about 45% to evade your +0 trident)
You reach to attack!
You closely miss Sigmund.
Sigmund is moderately wounded.
Sigmund hits you from afar with a +0 scythe.
Reach: j) +0 trident
Press: ? - help, Dir - move target, f/p - Sigmund
Aim: Sigmund, wielding a +0 scythe and wearing a +0 robe (moderately wounded, about 45% to evade your +0 trident)
You reach to attack!
You barely miss Sigmund.
Sigmund is moderately wounded.
Sigmund hits you but does no damage.
Reach: j) +0 trident
Press: ? - help, Dir - move target, f/p - Sigmund
Aim: Sigmund, wielding a +0 scythe and wearing a +0 robe (moderately wounded, about 45% to evade your +0 trident)
You reach to attack!
You barely miss Sigmund.
Sigmund is moderately wounded.
Sigmund hits you from afar with a +0 scythe!
* * * LOW HITPOINT WARNING * * *
Okay, then.
As you read the scroll of fog, it crumbles to dust.
The scroll dissolves into smoke.
Sigmund gestures wildly while chanting.
Sigmund flickers and vanishes!
Deactivating autopickup; reactivate with Ctrl-A.
Reach: j) +0 trident
Press: ? - help, Dir - move target
Aim: Disturbance (purple smoke)
You reach to attack!
You closely miss something. Something hits you but does no damage.
Reach: j) +0 trident
Press: ? - help, Dir - move target
Aim: Disturbance (purple smoke)
You reach to attack!
You hit something.
Reach: j) +0 trident
Press: ? - help, Dir - move target
Aim: Disturbance (purple smoke)
You reach to attack!
You hit something but do no damage. Something hits you!
You die...

* #########
.......§####################
###...#§§§§§{§@............#
#..,############.........#
#o , #.........# ,@.
####.........# ##*, ,
#............# * ,
#............# *
#............# * *
#######............#
..........##..######


There were no monsters in sight!

Vanquished Creatures
  An adder (D:3)
  A worm (D:2)
  2 dart slugs
  5 orcs (D:3)
  3 ball pythons
  2 endoplasms
  A giant cockroach (D:1)
  3 goblins (D:1)
  4 hobgoblins
  2 jackals (D:2)
  3 kobolds (D:1)
  3 quokkas (D:2)
  6 bats
  2 frilled lizards
  6 rats
44 creatures vanquished.

Notes
Turn   | Place    | Note
-------+----------+-------------------------------------------
     0 | D:1      | Rocko1345 the Meteoran Wanderer began the quest for the
                  | Orb.
     0 | D:1      | Rocko1345 set off with the following items: a +2 spear, a
                  | +0 cloak, a potion of berserk rage, a +0 robe; and the
                  | following spell memorised: Sting; and the following spells
                  | available to memorise: Ignite Poison.
     0 | D:1      | Reached XP level 1. HP: 16/16 MP: 3/3
    37 | D:1      | Reached skill level 5 in Polearms
   116 | D:1      | Reached XP level 2. HP: 17/23 MP: 5/5
   477 | D:1      | Reached XP level 3. HP: 26/28 MP: 6/6
   499 | D:1      | Glimpsed the power of Zot.
   549 | D:1      | Glimpsed the power of Zot.
  1094 | D:2      | Glimpsed the power of Zot.
  1142 | D:2      | Glimpsed the power of Zot.
  1157 | D:3      | Reached XP level 4. HP: 33/36 MP: 7/7
  1267 | D:3      | Reached skill level 1 in Armour
  1328 | D:3      | Reached skill level 6 in Polearms
  1334 | D:3      | Noticed Sigmund
  1359 | D:3      | Slain by Sigmund

Illustrated notes

Levels and vault maps discovered:
D:1:      giann_bridges, layout_rooms, shapermc_ecumenical_altar_mp_vishouse,
          st_stairs_5
D:2:      layout_loops_ring
D:3:      layout_rooms, uniq_sigmund

Skill      XL: |  1  2  3  4 |
---------------+-------------+-----
Polearms       | 5 6 |  6.0
Armour         | 1 |  1.1
Fighting       | |  1.8
Dodging        | |  2.8
Shields        | |  0.6
Spellcasting   | |  1.3
Poison Magic   | |  2.6

Action                     |  1- 3 |  4- 6 || total
---------------------------+-------+-------++-------
  Melee: Trident           |   125 |    49 ||   174
         Spear             |     3 |       ||     3
    Use: Scroll            |     2 |     2 ||     4
 Armour: Ring mail         |    93 |     6 ||    99
         Robe              |     1 |       ||     1
         Chain mail        |       |    13 ||    13
  Dodge: Dodged            |    76 |     8 ||    84
  Block: Kite shield       |    16 |    21 ||    37

Table legend: (Time is in decaauts)
 A = Elapsed time spent in this place.
 B = Non-inter-level travel time spent in this place.
 C = Inter-level travel time spent in this place.
 D = Time resting spent in this place.
 E = Time spent auto-exploring this place.
 F = Levels seen in this place.
 G = Mean time per level.
                   A        B        C        D        E       F      G
               +--------+--------+--------+--------+--------+-----+--------+
         Total |   1377 |   1345 |     32 |    176 |    416 |   3 |  459.0 |
       Dungeon |   1377 |   1345 |     32 |    176 |    416 |   3 |  459.0 |
               +--------+--------+--------+--------+--------+-----+--------+

Top non-repeatable levels by time:
     D:2: 583 daAuts
     D:1: 567 daAuts
     D:3: 227 daAuts
